 Dungeon Crawl Stone Soup version 0.21-a0-70-g32e1473 (webtiles) character file.

5425 Gorglomux the Shield-Bearer (level 10, -2/79 HPs)
             Began as a Vine Stalker Fighter on June 18, 2017.
             Was a High Priest of Uskayaw.
             Slain by a killer bee (6 damage)
             ... on level 8 of the Dungeon.
             The game lasted 00:13:41 (6308 turns).

Gorglomux the Shield-Bearer (Vine Stalker Fighter)  Turns: 6308, Time: 00:13:41

Health: -2/79      AC: 25    Str: 22    XL:     10   Next: 67%
Magic:  0/12       EV:  2    Int:  8    God:    Uskayaw [*****.]
Gold:   438        SH: 11    Dex: 19    Spells: 9/9 levels left

rFire    . . .     SeeInvis .   b - +3 dagger (venom)
rCold    + . .     Gourm    .   m - +0 shield
rNeg     + + +     Faith    +   (armour currently unavailable)
rPois    +         Spirit   +   (helmet currently unavailable)
rElec    .         Reflect  .   (cloak currently unavailable)
rCorr    +         Harm     .   (gloves currently unavailable)
MR       +....     NoTele   +   (boots currently unavailable)
Stlth    +++.......             L - amulet of faith
HPRegen  0.63/turn              g - ring of resist corrosion
MPRegen  0.13/turn              c - ring of protection from cold

@: agile, tree-form, berserk cooldown, slowed, very slow
A: regeneration 1, magic shield, no potion heal 3, rot immunity
a: Stomp, Line Pass, Grand Finale, Renounce Religion


You were on level 8 of the Dungeon.
You worshipped Uskayaw.
Uskayaw was noncommittal.
You were not hungry.
You were a tree.
You visited 2 branches of the dungeon, and saw 9 of its levels.

You collected 516 gold pieces.
You spent 78 gold pieces at shops.

Inventory:

Hand Weapons
 a - a +0 rapier
 b - a +3 dagger of venom (weapon)
Missiles
 N - 22 bolts
Armour
 m - a +0 shield (worn)
 q - a +2 helmet (melded)
 I - the +3 chain mail of Patience (melded) {rPois Dex+6}
   (You found it on level 7 of the Dungeon)

   It affects your dexterity (+6).
   It protects you from poison.
 O - a +0 pair of gloves (melded)
 U - a +0 pair of boots (melded)
Jewellery
 c - a ring of protection from cold (right branch)
 g - a ring of resist corrosion (left branch)
 l - an uncursed ring of flight
 K - a +5 amulet of reflection
 L - an amulet of faith (around neck)
Scrolls
 s - 3 scrolls of immolation
 u - a scroll of enchant weapon
 y - a scroll of amnesia
 B - a scroll of blinking
 T - 5 scrolls of teleportation
 Y - 3 scrolls of remove curse
Potions
 h - a potion of haste
 j - 6 potions of brilliance
 o - 2 potions of flight
 r - a potion of agility
 t - 2 potions of berserk rage
 x - a potion of resistance
 A - 2 potions of degeneration
 M - a potion of invisibility
 S - 2 potions of heal wounds
 Z - a potion of magic
Miscellaneous
 W - a sack of spiders
 X - a phial of floods (inert)
Comestibles
 f - 3 bread rations
 p - 4 royal jellies
 z - 2 meat rations
 R - 5 chunks of flesh


   Skills:
 + Level 6.8 Fighting
 + Level 6.5 Short Blades
 + Level 6.2 Armour
 + Level 5.5 Dodging
 + Level 7.0 Shields
 + Level 2.2 Invocations


You had 9 spell levels left.
You didn't know any spells.

Dungeon Overview and Level Annotations

Branches:
Dungeon (8/15)             Temple (1/1) D:7
   Lair: D:8-11

Altars:
Ashenzari
Dithmenos
Elyvilon
Fedhas
Gozag
Kikubaaqudgha
Nemelex Xobeh
Okawaru
Qazlal
Ru
Sif Muna
Trog
Uskayaw
Vehumet
Wu Jian
Yredelemnul
Zin
The Shining One

Shops:
D:5 }*[


Innate Abilities, Weirdness & Mutations

((You have razor-sharp teeth.))
Your natural rate of healing is unusually fast.
When hurt, damage is shared between your health and your magic reserves.
((Your bite disrupts and absorbs the magic of your enemies.))
Potions cannot restore your health.
You are immune to rotting.


Message History

The torrent of water misses the killer bee.
The wave splashes down.
Splash!
You fall into the shallow water.
Moving in this stuff is going to be slow.
The water rises up and takes form.
You hear an angry buzzing noise.
You hear a howl! x2
The killer bee stings you but does no damage. x3
You block the killer bee's attack.
The killer bee stings you but does no damage.
Unknown command.
You feel agile all of a sudden. You block the killer bee's attack. x3
The killer bee stings you but does no damage.
Unknown command.
You miss the killer bee.
The killer bee stings you but does no damage.
The killer bee stings your water elemental.
The killer bee stings you.
You die...

.. .. (. .####
...####### .........
##...$.# #♣y.#
#y.yEy#.# ##.≈≈##.#
.## #..... #.#### #..
....... #....## .. ###
.......##.....##.#....
#####..#.).....#...#
#.(.........#.##..
#.................


You could see 4 killer bees and a friendly water elemental.

Vanquished Creatures
  A hydra (D:7)
  A two-headed ogre (D:8)
  An unseen horror (D:7)
  A queen bee (D:8)
  A slime creature (D:7)
  A hippogriff (Temple)
  A wraith (D:7)
  A yak (D:7)
  2 sky beasts
  A phantom (D:7)
  A centaur (D:8)
  6 ogres
  3 bullfrogs
  A big kobold (D:8)
  2 scorpions
  6 killer bees (D:8)
  The ghost of Blackbelt the Changer, a weakling DgTm (D:3)
  A howler monkey (D:7)
  A crimson imp (D:8)
  2 hounds
  5 jellies
  9 orc priests
  A bullfrog skeleton (D:8)
  3 iguanas
  2 orc wizards (D:4)
  4 worker ants
  Terence (D:3)
  A hound skeleton (D:6)
  Robin (D:3)
  4 adders
  9 oozes
  An adder skeleton (D:7)
  3 dart slugs
  5 worms
  5 leopard geckos
  14 orcs
  3 ball pythons
  4 bats
  5 giant cockroaches
  10 hobgoblins
  4 jackals
  6 quokkas
  4 frilled lizards
  12 goblins
  24 kobolds
  11 rats
186 creatures vanquished.

Vanquished Creatures (others)
  A centaur (D:7)
  A fungus (D:4)
  10 toadstools (D:4)
12 creatures vanquished.

Grand Total: 198 creatures vanquished

Notes
Turn   | Place    | Note
-------+----------+-------------------------------------------
     0 | D:1      | Gorglomux the Vine Stalker Fighter began the quest for the Orb.
     0 | D:1      | Reached XP level 1. HP: 11/11 MP: 2/2
   329 | D:1      | Reached XP level 2. HP: 16/16 MP: 3/3
   658 | D:1      | Reached skill level 1 in Dodging
   799 | D:2      | Reached XP level 3. HP: 18/19 MP: 4/4
   902 | D:2      | Reached skill level 3 in Shields
  1204 | D:2      | Reached skill level 3 in Fighting
  1327 | D:2      | Gained mutation: Your natural rate of healing is unusually fast. [Vine Stalker growth]
  1327 | D:2      | Reached XP level 4. HP: 24/24 MP: 5/5
  1422 | D:2      | Found a sacrificial altar of Ru.
  1596 | D:3      | Noticed Robin
  1640 | D:3      | Killed Robin
  1668 | D:3      | Reached skill level 3 in Armour
  1950 | D:3      | Noticed Terence
  1956 | D:3      | Killed Terence
  1956 | D:3      | Reached XP level 5. HP: 28/28 MP: 6/6
  1980 | D:3      | Noticed Blackbelt's ghost (weakling DgTm)
  2000 | D:3      | Killed Blackbelt's ghost
  2434 | D:4      | Noticed an ogre
  2500 | D:3      | Killed an ogre
  2500 | D:3      | Reached XP level 6. HP: 31/32 MP: 7/7
  2855 | D:4      | Reached skill level 3 in Short Blades
  3124 | D:4      | Reached XP level 7. HP: 26/37 MP: 8/8
  3125 | D:4      | Reached skill level 4 in Shields
  3328 | D:4      | Reached skill level 3 in Dodging
  3622 | D:5      | Entered Level 5 of the Dungeon
  3715 | D:5      | Gained mutation: You have razor-sharp teeth. [Vine Stalker growth]
  3715 | D:5      | Reached XP level 8. HP: 35/42 MP: 9/9
  3737 | D:5      | Found Efot's Antique Armour Shoppe.
  3793 | D:5      | Found Sifiyts's General Store.
  3798 | D:5      | Bought a scroll of identify for 26 gold pieces
  3798 | D:5      | Bought a potion of agility for 52 gold pieces
  3855 | D:5      | Found Ciatopas's Gadget Shop.
  4255 | D:6      | Reached skill level 5 in Shields
  4263 | D:6      | Found an iron altar of Okawaru.
  4971 | D:7      | Noticed a wraith
  5003 | D:7      | Killed a wraith
  5229 | D:7      | Noticed a yak
  5229 | D:7      | Noticed a five-headed hydra
  5229 | D:7      | Noticed a slime creature
  5229 | D:7      | Noticed a hippogriff
  5247 | D:7      | Reached XP level 9. HP: 45/47 MP: 8/10
  5306 | D:7      | Found a staircase to the Ecumenical Temple.
  5315 | Temple   | Entered the Ecumenical Temple
  5321 | Temple   | Became a worshipper of Uskayaw the Reveler
  5329 | Temple   | Reached * piety under Uskayaw
  5332 | Temple   | Reached ** piety under Uskayaw
  5348 | D:7      | Reached *** piety under Uskayaw
  5516 | D:7      | Killed a five-headed hydra
  5516 | D:7      | Reached skill level 6 in Shields
  5516 | D:7      | Reached **** piety under Uskayaw
  5587 | D:7      | Reached skill level 6 in Fighting
  5609 | D:7      | Got a polished leather armour
  5620 | D:7      | Identified the +3 leather armour of Oleikic {-Cast +Inv Int+7} (You found it on level 7 of the Dungeon)
  5620 | D:7      | Got a warped chain mail
  5631 | D:7      | Identified the +3 chain mail of Patience {rPois Dex+6} (You found it on level 7 of the Dungeon)
  5820 | D:7      | Killed an unseen horror
  5820 | D:7      | Reached skill level 6 in Short Blades
  5820 | D:7      | Reached XP level 10. HP: 21/53 MP: 11/11
  6084 | D:8      | Noticed a two-headed ogre
  6106 | D:8      | Killed a two-headed ogre
  6106 | D:8      | Reached skill level 6 in Armour
  6106 | D:8      | Reached skill level 1 in Invocations
  6272 | D:8      | Reached ***** piety under Uskayaw
  6286 | D:8      | Reached skill level 7 in Shields
  6286 | D:8      | Reached ****** piety under Uskayaw
  6304 | D:8      | HP: 1/79 [killer bee (5)]
  6308 | D:8      | Slain by a killer bee

Vault maps used:
D:1:      onia_arrival_pentagram
D:2:      nicolae_ru_sacrificial_ziggurat, first_bread, kennysheep_potato
D:3:      minmay_door_path, uniq_terence, uniq_robin
D:4:      cheibrodos_fertilizer
D:5:      serial_shops, shop_statue, kennysheep_little_box, shop_fountains,
          hangedman_glass_teeth, minivault_1
D:6:      kennysheep_okawaru_gauntlet
D:7:      minmay_the_grid_triangle_9x9_rhombus_thin, temple_hall,
          eino_small_chamber_without_monster
D:8:      david_nohive_1
Temple:   dpeg_three_leaves_temple

Skill      XL: |  1  2  3  4  5  6  7  8  9 10 |
---------------+-------------------------------+-----
Short Blades   | 2 3 4 6 |  6.5
Dodging        | 1 2 3 4 5 |  5.5
Shields        | 3 4 5 6 7 |  7.0
Fighting       | 3 4 5 6 |  6.8
Armour         | 3 4 5 6 |  6.2
Invocations    | 2 |  2.2

Action                   |  1- 3 |  4- 6 |  7- 9 | 10-12 || total
-------------------------+-------+-------+-------+-------++-------
Melee: Rapier            |    98 |   236 |    80 |       ||   414
       Bite              |    17 |    70 |   115 |    32 ||   234
       Dagger            |       |       |   176 |    92 ||   268
Evoke: Phial of floods   |       |       |       |     1 ||     1
  Use: Potion            |       |     1 |     1 |     4 ||     6
       Scroll            |       |       |    24 |     1 ||    25
 Stab: Paralysed         |       |       |     2 |     3 ||     5
  Eat: Chunk             |     1 |     6 |     9 |     2 ||    18
Armor: Scale mail        |    48 |    52 |    77 |       ||   177
       Chain mail        |       |       |    11 |    19 ||    30
       Skin              |       |       |       |    74 ||    74
Dodge: Dodged            |    31 |    53 |    65 |    33 ||   182
Block: Shield            |    41 |   106 |   161 |    72 ||   380
       Reflection        |       |       |     4 |       ||     4
